 Dungeon Crawl Stone Soup version 0.20.0-8-g6b59dc7 (webtiles) character file.

13456 Hasart the Cleaver (level 12, -6/94 HPs)
             Began as a Formicid Fighter on May 31, 2017.
             Was a High Priest of Okawaru.
             Mangled by a minotaur
             ... wielding a +4 vampiric short sword
              (20 damage)
             ... in a labyrinth.
             The game lasted 00:29:15 (12779 turns).

Hasart the Cleaver (Formicid Fighter)              Turns: 12779, Time: 00:29:16

Health: -6/94      AC: 14    Str: 24 (25) XL:     12   Next: 32%
Magic:  13/18      EV: 10    Int:  7 (9)  God:    Okawaru [*****.]
Gold:   650        SH: 13    Dex: 16 (17) Spells: 11/11 levels left

rFire    . . .     SeeInvis +   a - +1 war axe (flame)
rCold    . . .     Gourm    .   c - +1 shield
rNeg     . . .     Faith    .   b - +0 scale mail
rPois    +         Spirit   .   (helmet unavailable)
rElec    .         Reflect  .   (no cloak)
rCorr    .         Harm     .   e - +1 pair of gloves {Dex+3}
MR       +....                  p - +2 pair of boots {Fly}
Stlth    ..........             (no amulet)
Regen    0.3/turn               K - ring of poison resistance
MPRegen  0.2/turn               k - +4 ring of dexterity

@: finesse, flying
A: permanent stasis, dig shafts and tunnels, four strong arms, antennae 3
a: Dig, Shaft Self, Heroism, Finesse, Renounce Religion, Stop Flying


You were in a labyrinth.
You worshipped Okawaru.
Okawaru was extremely pleased with you.
You were hungry.

You visited 2 branches of the dungeon, and saw 13 of its levels.
You also visited: Labyrinth.

You collected 965 gold pieces.
You spent 315 gold pieces at shops.

Inventory:

Hand Weapons
 a - a +1 war axe of flaming (weapon)
 O - a +0 flail of pain
Armour
 b - a +0 scale mail (worn)
 c - a +1 shield (worn)
 e - a +1 pair of gloves of dexterity (worn)
 p - a +2 pair of boots of flying (worn)
Jewellery
 d - an uncursed amulet of harm
 k - a +4 ring of dexterity (right hand)
 t - an uncursed ring of resist corrosion
 v - an uncursed ring of protection from magic
 H - an uncursed ring of protection from cold
 K - a ring of poison resistance (left hand)
 R - a +4 ring of intelligence
Wands
 i - a wand of iceblast (6/15)
 I - a wand of confusion (27/48)
Scrolls
 g - a scroll of magic mapping
 j - 4 scrolls of amnesia
 m - 6 scrolls of remove curse
 n - 6 scrolls of identify
 s - a scroll of enchant armour
Potions
 q - 5 potions of curing
 z - a potion of haste
 L - a potion of mutation
 M - 4 potions of heal wounds
 Q - 2 potions of might
Books
 x - a book of Changes

   Spells                             Type                      Level
   a - Beastly Appendage              Transmutation                1
   b - Sticks to Snakes               Transmutation                2
   c - Spider Form                    Transmutation/Poison         3
   d - Ice Form                       Ice/Transmutation            4
   e - Blade Hands                    Transmutation                5
Comestibles
 f - 13 bread rations
 h - 8 royal jellies
 E - 3 meat rations


   Skills:
 + Level 8.7 Fighting
 * Level 10.8 Axes
 + Level 8.8 Armour
 + Level 9.8 Shields
 + Level 8.6 Invocations
 + Level 6.3 Evocations


You had 11 spell levels left.
You didn't know any spells.

Dungeon Overview and Level Annotations

Branches:
Dungeon (12/15)            Temple (1/1) D:4            Lair (0/6) D:11
    Orc: D:9-12

Altars:
Ashenzari
Cheibriados
Dithmenos
Elyvilon
Gozag
Hepliaklqana
Kikubaaqudgha
Makhleb
Okawaru
Qazlal
Sif Muna
Trog
Uskayaw
Vehumet
Xom
Yredelemnul
Zin
The Shining One
Beogh

Shops:
D:7 !

Portals:
Trove: D:11 (give 20 scrolls of identify)


Innate Abilities, Weirdness & Mutations

You cannot be hasted, slowed, berserked, paralysed or teleported.
You can dig through walls and to a lower floor.
Your four strong arms can wield two-handed weapons with a shield.
You have a pair of large antennae on your head. (SInv)


Message History

Aim: a minotaur, wielding a vampiric short sword, wearing a chain mail and wearing a coiled tin amulet (berserk, fast, unusually strong, chance to defeat MR: 30%)
The minotaur easily resists.
This wand has 28 charges left.
You block the minotaur's attack. x2
Evoke which item? (* to show all) (? for menu, Esc to quit)
Aiming: Confuse
Press: ? - help, Shift-Dir - straight line, f/p - minotaur
Aim: a minotaur, wielding a vampiric short sword, wearing a chain mail and wearing a coiled tin amulet (berserk, fast, unusually strong, chance to defeat MR: 30%)
The minotaur easily resists.
This wand has 27 charges left.
The minotaur hits you with a vampiric short sword!!!
You block the minotaur's attack. The minotaur misses you.
You block the minotaur's attack.
You can now deal lightning-fast blows.
The minotaur hits you with a vampiric short sword!!
* * * LOW HITPOINT WARNING * * *
You block the minotaur's attack.
Unknown command.
You hit the minotaur. You burn the minotaur.
The minotaur is lightly wounded.
The minotaur hits you with a vampiric short sword!!
You die...

.# .# #.# #.# ##
.# . . # .. #####
# #.# .# #.. ....
.#.. ..# #. ..
... #
#.#######.#. ...
# ## #.#...@.#.#
##.
#.......#.###H#.#
# #####.# # .#.#
#.# .#.# # ##. .#
.#.# # .. #. .#
.#.# #
.#.#.#####.# ..
.# .#..... . # #.
.#.#### ## #


You could see a minotaur (berserk).

Vanquished Creatures
  Joseph (D:8)
  A troll (D:10)
  2 hippogriffs (D:10)
  3 wyverns
  A human (D:7)
  4 hogs (D:7)
  A hungry ghost (D:11)
  3 black bears
  8 orc warriors
  4 sky beasts
  An ice beast (D:5)
  3 phantoms
  A necrophage (D:8)
  6 centaurs
  5 ogres
  A crocodile (D:11)
  2 big kobolds
  A gnoll sergeant (D:9)
  6 bullfrogs
  2 scorpions
  A wyvern skeleton (D:10)
  4 killer bees (D:10)
  A howler monkey (D:10)
  3 wights (D:6)
  2 jellies
  2 electric eels (D:9)
  4 crimson imps
  A centaur zombie (D:10)
  4 hounds
  8 orc wizards
  2 bullfrog skeletons
  A gnoll shaman (D:4)
  6 orc priests
  2 iguanas
  8 worker ants
  A killer bee zombie (D:9)
  A hound zombie (D:8)
  A howler monkey zombie (D:10)
  2 worker ant zombies
  A howler monkey skeleton (D:4)
  19 gnolls
  7 adders
  3 oozes (D:5)
  3 adder skeletons
  3 worms
  5 dart slugs
  2 leopard geckos
  43 orcs
  9 giant cockroaches
  3 goblins
  6 hobgoblins
  6 jackals
  11 kobolds
  10 quokkas
  2 ball pythons
  4 bats
  3 frilled lizards
  A leopard gecko skeleton (D:5)
  A quokka skeleton (D:4)
  13 rats
265 creatures vanquished.

Notes
Turn   | Place    | Note
-------+----------+-------------------------------------------
     0 | D:1      | Hasart the Formicid Fighter began the quest for the Orb.
     0 | D:1      | Reached XP level 1. HP: 18/18 MP: 1/1
    47 | D:1      | Reached XP level 2. HP: 16/24 MP: 2/2
   374 | D:1      | Reached XP level 3. HP: 29/29 MP: 3/3
   685 | D:1      | Reached skill level 3 in Axes
  1221 | D:2      | Reached XP level 4. HP: 34/36 MP: 4/4
  1500 | D:2      | Found a shimmering altar of Xom.
  1977 | D:3      | Found a stormy altar of Qazlal.
  2310 | D:4      | Reached XP level 5. HP: 34/42 MP: 5/5
  2613 | D:4      | Found a staircase to the Ecumenical Temple.
  2670 | Temple   | Entered the Ecumenical Temple
  2686 | Temple   | Became a worshipper of Warmaster Okawaru
  2770 | D:4      | Reached skill level 4 in Axes
  2795 | D:4      | Reached XP level 6. HP: 47/48 MP: 6/6
  2995 | D:4      | Noticed a phantom
  3004 | D:4      | Killed a phantom
  3004 | D:4      | Reached skill level 5 in Shields
  3004 | D:4      | Reached skill level 1 in Invocations
  3244 | D:5      | Entered Level 5 of the Dungeon
  3244 | D:5      | Noticed an ogre
  3249 | D:5      | Killed an ogre
  3249 | D:5      | Reached XP level 7. HP: 32/55 MP: 8/8
  3494 | D:5      | Reached * piety under Okawaru
  3877 | D:5      | Reached skill level 5 in Axes
  3929 | D:5      | Reached ** piety under Okawaru
  3929 | D:5      | Reached skill level 5 in Armour
  3929 | D:5      | Reached XP level 8. HP: 11/61 MP: 10/10
  4434 | D:5      | Reached skill level 5 in Fighting
  4441 | D:5      | Found a hide-covered altar of Uskayaw.
  5142 | D:6      | Reached skill level 6 in Axes
  5362 | D:6      | Found a deep blue altar of Sif Muna.
  5627 | D:6      | Reached *** piety under Okawaru
  5724 | D:6      | Reached XP level 9. HP: 52/68 MP: 12/12
  6435 | D:6      | Reached skill level 7 in Axes
  6571 | D:6      | Noticed a two-headed ogre
  6593 | D:5      | Found a glowing silver altar of Zin.
  6916 | D:7      | Reached skill level 5 in Invocations
  7187 | D:7      | Found Pukazxy's Distillery.
  7190 | D:7      | Bought a potion of mutation for 120 gold pieces
  7190 | D:7      | Bought a potion of curing for 45 gold pieces
  7190 | D:7      | Bought 2 potions of heal wounds for 150 gold pieces
  7215 | D:7      | Reached skill level 1 in Evocations
  7496 | D:7      | Reached **** piety under Okawaru
  7951 | D:7      | Reached XP level 10. HP: 58/77 MP: 14/14
  8205 | D:8      | Reached skill level 8 in Axes
  8552 | D:8      | Found a glowing golden altar of the Shining One.
  8665 | D:8      | Noticed Joseph
  8681 | D:8      | Killed Joseph
  8681 | D:8      | Reached ***** piety under Okawaru
 10187 | D:9      | Reached skill level 9 in Axes
 10403 | D:10     | Entered Level 10 of the Dungeon
 10773 | D:10     | Reached XP level 11. HP: 65/83 MP: 16/16
 11191 | D:10     | Reached ****** piety under Okawaru
 11346 | D:10     | Reached skill level 10 in Axes
 11346 | D:10     | Reached skill level 5 in Evocations
 11346 | D:10     | Reached XP level 12. HP: 86/93 MP: 16/18
 11503 | D:10     | Received a gift from Okawaru
 11812 | D:11     | Found a portal to a secret trove of treasure.
 12047 | D:11     | Found a staircase to the Lair.
 12048 | D:11     | Noticed a death yak
 12048 | D:11     | Noticed an unseen horror
 12102 | D:12     | Found a roughly hewn altar of Beogh.
 12216 | D:12     | Found a labyrinth entrance.
 12226 | Lab      | Entered a labyrinth
 12772 | Lab      | Noticed a minotaur
 12779 | Lab      | Mangled by a minotaur

Skill      XL: |  1  2  3  4  5  6  7  8  9 10 11 12 |
---------------+-------------------------------------+-----
Axes           | 3 4 5 6 7 9 10 | 10.8
Shields        | 4 5 6 7 8 9 |  9.8
Armour         | 4 5 6 7 8 |  8.8
Fighting       | 4 5 6 7 8 |  8.7
Invocations    | 1 3 4 5 6 8 |  8.6
Evocations     | 2 4 5 6 |  6.3

Action                   |  1- 3 |  4- 6 |  7- 9 | 10-12 || total
-------------------------+-------+-------+-------+-------++-------
Melee: War axe           |    87 |   120 |   339 |   513 ||  1059
Invok: Heroism           |       |       |       |     1 ||     1
       Finesse           |       |       |       |     1 ||     1
 Abil: Dig               |       |       |     1 |       ||     1
Evoke: Wand              |       |       |       |    10 ||    10
  Use: Potion            |       |     1 |       |     9 ||    10
       Scroll            |       |       |       |    15 ||    15
 Stab: Confused          |       |       |       |     1 ||     1
  Eat: Chunk             |     1 |     7 |    10 |    14 ||    32
       Meat ration       |       |       |     1 |       ||     1
       Fruit             |       |       |       |     2 ||     2
Armor: Scale mail        |    51 |    48 |   110 |   184 ||   393
Dodge: Dodged            |    24 |    38 |   108 |   156 ||   326
Block: Shield            |    46 |    66 |   194 |   337 ||   643
